 Dungeon Crawl Stone Soup version 0.24.0-123-gd5b16e6ec5 (webtiles) character file.

Game seed: 5571788902130975754, levelgen mode: deterministic

3686 Elellon the Cleaver (level 10, 0/86 HPs)
             Began as a Hill Orc Fighter on Jan 20, 2020.
             Was a Priest of Okawaru.
             Slain by an orc warrior
             ... wielding a +0 glaive
              (15 damage)
             ... on level 8 of the Dungeon.
             The game lasted 00:10:57 (7772 turns).

Elellon the Cleaver (Hill Orc Fighter)              Turns: 7772, Time: 00:10:57

Health: 0/86       AC: 14    Str: 23    XL:     10   Next: 13%
Magic:  10/10      EV:  6    Int:  8    God:    Okawaru [***...]
Gold:   484        SH: 10    Dex: 10    Spells: 9/9 levels left

rFire    . . .     SeeInvis .   A - +1 war axe (chop)
rCold    . . .     Gourm    +   c - +0 shield
rNeg     . . .     Faith    .   y - +3 chain mail
rPois    .         Spirit   .   (no helmet)
rElec    .         Reflect  .   (no cloak)
rCorr    +         Harm     .   (no gloves)
MR       .....                  h - +0 pair of boots
Stlth    ..........             m - amulet of the gourmand
HPRegen  0.24/turn              K - ring of resist corrosion
MPRegen  0.12/turn              (no ring)

@: no status effects
A: no striking features
a: Heroism, Renounce Religion


You were on level 8 of the Dungeon.
You worshipped Okawaru.
Okawaru was most pleased with you.
You were completely stuffed.

You visited 2 branches of the dungeon, and saw 9 of its levels.

You collected 484 gold pieces.

Inventory:

Hand Weapons
 t - a +1 war axe of venom
 z - a +2 flail of protection
 A - a +1 war axe of chopping (weapon)
Armour
 a - a +1 chain mail of fire resistance
 c - a +0 shield (worn)
 h - a +0 pair of boots (worn)
 y - a +3 chain mail (worn)
Jewellery
 g - an uncursed amulet of the acrobat
 m - an amulet of the gourmand (around neck)
 K - a ring of resist corrosion (left hand)
 M - an uncursed amulet of harm {unknown}
Wands
 J - a wand of iceblast (7)
Scrolls
 e - a scroll of blinking
 l - 2 scrolls of identify
 o - a scroll of immolation
 p - a scroll of noise {unknown}
 q - 10 scrolls of remove curse
 r - 2 scrolls of enchant armour {unknown}
 v - a scroll of amnesia {unknown}
 C - a scroll of silence {unknown}
 D - a scroll of enchant weapon {unknown}
 E - a scroll of vulnerability {unknown}
 F - a scroll of random uselessness {unknown}
 G - a scroll of magic mapping {unknown}
 H - a scroll of fog {unknown}
 I - a scroll of teleportation
Potions
 b - 8 potions of curing
 d - 4 potions of might
 i - 4 potions of heal wounds
 j - 2 potions of resistance
 k - 2 potions of lignification
 n - 4 potions of haste
 s - 2 potions of magic {unknown}
 u - 2 potions of agility
 w - a potion of flight {unknown}
 x - a potion of degeneration {unknown}
 B - a potion of cancellation {unknown}
Comestibles
 f - 22 rations


   Skills:
 + Level 7.2 Fighting
 * Level 13.8 Axes
 + Level 6.6 Armour
 + Level 6.6 Shields


You had 9 spell levels left.
You didn't know any spells.
Your spell library was empty.

Dungeon Overview and Level Annotations

Branches:
Dungeon (8/15)             Temple (1/1) D:5
   Lair: D:8-11

Altars:
Ashenzari
Cheibriados
Dithmenos
Elyvilon
Fedhas
Gozag
Hepliaklqana
Kikubaaqudgha
Makhleb
Nemelex Xobeh
Okawaru
Qazlal
Ru
Sif Muna
Trog
Uskayaw
Vehumet
Wu Jian
Xom
Yredelemnul
The Shining One


Message History

You kill the wolf!
Okawaru accepts your kill.
The orc warrior hits you but does no damage.
Items here: $ ( ))) [ † You closely miss the orc warrior.
The orc warrior hits you with a +0 glaive.
You barely miss the orc warrior. You barely miss the orc warrior.
You block the orc warrior's attack.
You hit the orc warrior but do no damage.
The orc warrior hits you with a +0 glaive!!
You slash the orc warrior!
The orc warrior is heavily wounded.
You hit the orc warrior but do no damage.
The orc warrior is heavily wounded.
The orc warrior hits you with a +0 glaive!
* * * LOW HITPOINT WARNING * * *
You hit the orc warrior.
The orc warrior is heavily wounded.
The orc warrior hits you with a +0 glaive!
You die...

############... ##
#......@o...... ..#
#.################.##
#.#.......÷.........#
#.#.......).....<#
#.###)....÷#######
#.................
#####....#.#######
#......# #......#


You could see an orc warrior.

Vanquished Creatures
  Joseph (D:7)
  Grinder (D:4)
  Sigmund (D:2)
  A hungry ghost (D:7)
  A steam dragon (D:7)
  2 orc warriors
  2 phantoms (D:7)
  A sky beast (D:5)
  2 wolves (D:8)
  3 ogres
  A centaur (D:7)
  5 bullfrogs
  A scorpion (D:4)
  3 howler monkeys
  5 wights (D:7)
  A bullfrog zombie (D:7)
  5 hounds
  6 crimson imps
  2 centaur zombies
  A bullfrog skeleton (D:5)
  6 orc priests
  7 orc wizards
  Jessica (D:2)
  2 worker ants
  A hound skeleton (D:7)
  12 adders
  2 shadow imps (D:7)
  An adder skeleton (D:4)
  A worm (D:4)
  3 leopard geckos
  23 orcs
  A giant cockroach (D:2)
  7 goblins
  4 hobgoblins
  6 jackals
  2 quokkas
  3 bats
  2 frilled lizards
  A jackal skeleton (D:3)
  3 kobolds
  A rat (D:2)
  A plant (D:5)
135 creatures vanquished.

Vanquished Creatures (others)
  A leopard gecko zombie (D:7)
1 creature vanquished.

Grand Total: 136 creatures vanquished

Notes
Turn   | Place    | Note
-------+----------+-------------------------------------------
     0 | D:1      | Elellon the Hill Orc Fighter began the quest for the Orb.
     0 | D:1      | Reached XP level 1. HP: 19/19 MP: 1/1
    50 | D:1      | Reached skill level 3 in Axes
   222 | D:1      | Reached XP level 2. HP: 20/26 MP: 2/2
   559 | D:1      | Reached skill level 4 in Axes
   728 | D:2      | Noticed Sigmund
  1137 | D:2      | Found an ancient bone altar of Kikubaaqudgha.
  1461 | D:2      | Killed Sigmund
  1461 | D:2      | Reached skill level 7 in Axes
  1461 | D:2      | Reached XP level 3. HP: 5/31 MP: 3/3
  1461 | D:2      | Reached XP level 4. HP: 7/39 MP: 4/4
  1461 | D:2      | Reached XP level 5. HP: 8/45 MP: 5/5
  1811 | D:2      | Reached skill level 8 in Axes
  1818 | D:2      | Reached XP level 6. HP: 35/51 MP: 6/6
  2160 | D:2      | Noticed Jessica
  2165 | D:2      | Killed Jessica
  2560 | D:3      | Found a hazy altar of Hepliaklqana.
  2950 | D:3      | Found a blossoming altar of Fedhas.
  2950 | D:3      | Found a snail-covered altar of Cheibriados.
  3397 | D:4      | Reached skill level 9 in Axes
  3562 | D:4      | Reached XP level 7. HP: 57/57 MP: 7/7
  3601 | D:4      | Noticed Grinder
  3609 | D:4      | Paralysed by Grinder for 6 turns
  3618 | D:4      | Paralysed by Grinder for 4 turns
  3637 | D:4      | Killed Grinder
  3637 | D:4      | Reached skill level 10 in Axes
  3818 | D:4      | Found a white marble altar of Elyvilon.
  4376 | D:5      | Entered Level 5 of the Dungeon
  4528 | D:5      | Reached XP level 8. HP: 66/66 MP: 8/8
  4531 | D:5      | Reached skill level 11 in Axes
  4879 | D:5      | Found a staircase to the Ecumenical Temple.
  4886 | Temple   | Entered the Ecumenical Temple
  5034 | Temple   | Became a worshipper of Warmaster Okawaru
  5201 | D:5      | Found a radiant altar of Vehumet.
  6095 | D:7      | Reached * piety under Okawaru
  6095 | D:7      | Reached skill level 5 in Fighting
  6180 | D:7      | Reached skill level 12 in Axes
  6189 | D:7      | Reached skill level 5 in Shields
  6189 | D:7      | Reached XP level 9. HP: 73/74 MP: 9/9
  6221 | D:7      | Reached skill level 5 in Armour
  6464 | D:7      | Reached ** piety under Okawaru
  6496 | D:7      | Identified the +4 rapier of Vanity {venom, Dex+4 Stlth+}
  6777 | D:7      | Noticed Joseph
  6794 | D:7      | Killed Joseph
  6794 | D:7      | Reached skill level 13 in Axes
  7368 | D:7      | Reached XP level 10. HP: 80/86 MP: 10/10
  7761 | D:8      | Reached *** piety under Okawaru
  7772 | D:8      | Slain by an orc warrior

Levels and vault maps discovered:
D:1:      minmay_arrival_cross, layout_loops_ring
D:2:      layout_loops_corners, kiku_gazebo_pond_becter, corexii_corridor_pit,
          uniq_jessica, uniq_sigmund
D:3:      layout_basic, lemuel_crystal_altar, gammafunk_temple_overflow_wave,
          first_ration, minmay_quadrilaterals
D:4:      layout_cave_pods, elyvilon_altar_3, minmay_misc_feat_encased,
          uniq_grinder
D:5:      layout_basic, kennysheep_little_box, minmay_temple_entry_nine_rooms,
          chequers_garden, saegor_snake_ambush
D:6:      layout_loops_ring
D:7:      layout_layer_cave, grunt_ogre_cave, minmay_alternating_orb,
          uniq_joseph
D:8:      layout_basic, special_room [special_room_orc], minmay_misc_feat_doors,
          uniq_grum
Temple:   regret_index_temple_waves

Skill      XL: |  1  2  3  4  5  6  7  8  9 |
---------------+----------------------------+-----
Axes           | 3 7 8 9 10 12 13 | 13.8
Fighting       | 4 5 7 |  7.2
Shields        | 5 6 |  6.6
Armour         | 4 6 |  6.6

Action                   |  1- 3 |  4- 6 |  7- 9 | 10-12 || total
-------------------------+-------+-------+-------+-------++-------
Melee: War axe           |   100 |   117 |   347 |    42 ||   606
  Use: Scroll            |       |       |    10 |       ||    10
  Eat: Chunk             |     2 |     7 |    27 |     2 ||    38
Armor: Scale mail        |    46 |    39 |       |       ||    85
       Chain mail        |       |    11 |   163 |     5 ||   179
Dodge: Dodged            |    39 |    30 |    53 |     5 ||   127
Block: Shield            |    52 |    50 |   124 |    22 ||   248
